 Dungeon Crawl Stone Soup version 0.19-a0-749-g66ae36b (webtiles) character file.

86 Gruud the Vexing (level 4, 30/30 HPs)
             Began as a Demonspawn Enchanter on June 24, 2016.
             Quit the game on level 2 of the Dungeon.
             The game lasted 00:05:52 (1804 turns).

Gruud the Vexing (Demonspawn Enchanter)             Turns: 1804, Time: 00:05:53

Health: 30/30      AC:  6    Str:  9    XL:     4   Next: 27%
Magic:  7/7        EV: 12    Int: 16    God:
Gold:   127        SH:  0    Dex: 14    Spells: 2 memorised, 4 levels left

rFire  . . .     SeeInvis .     a - +1 dagger (venom)
rCold  + . .     Gourm    .     b - +1 robe
rNeg   . . .     Faith    .     (no shield)
rPois  +         Spirit   .     (no helmet)
rElec  .         Dismiss  .     r - +0 cloak
rCorr  .         Reflect  .     y - +0 pair of gloves
SustAt .         Harm     .     e - +0 pair of boots
MR     .....                    (no amulet)
Stlth  ++........               (no ring)
                                q - ring of poison resistance

@: not resistant to hostile enchantments, unstealthy
A: cold resistance 1, demonic guardian 1
a: no special abilities


You were on level 2 of the Dungeon.
You were not hungry.

You visited 1 branch of the dungeon, and saw 2 of its levels.

You collected 127 gold pieces.

Inventory:

Hand Weapons
 a - a +1 dagger of venom (weapon)
 i - a +1 dagger
Armour
 b - a +1 robe (worn)
 e - a +0 pair of boots (worn)
 j - a +0 buckler
 r - a +0 cloak (worn)
 y - a +0 pair of gloves (worn)
Jewellery
 q - a ring of poison resistance (left hand)
Scrolls
 u - 2 scrolls of teleportation
Potions
 f - a potion of haste
 l - a potion of magic
 m - a potion of agility {unknown}
 n - a potion of curing {unknown}
 o - a potion of ambrosia {unknown}
 s - 2 potions of degeneration {unknown}
 v - a potion of heal wounds
 w - a potion of resistance {unknown}
Books
 c - a book of Maledictions

   Spells                             Type                      Level
   a - Corona                         Hexes                        1
   b - Ensorcelled Hibernation        Hexes/Ice                    2
   c - Confuse                        Hexes                        3
   d - Tukima's Dance                 Hexes                        3
   e - Dazzling Spray                 Conjuration/Hexes            3
Comestibles
 d - 5 bread rations
 g - a royal jelly
 h - a beef jerky
 k - a fruit
 t - a chunk of flesh


   Skills:
 * Level 3.3 Short Blades
 - Level 1.7 Dodging
 - Level 2.6 Stealth
 - Level 2.0 Spellcasting
 + Level 3.5 Hexes


You had 4 spell levels left.
You knew the following spells:

 Your Spells              Type           Power        Failure   Level  Hunger
a - Corona                Hex            ##.....      6%          1    #......
b - Ensorcelled Hibernat  Hex/Ice        #.....       17%         2    ###....


Dungeon Overview and Level Annotations

Branches:
Dungeon (2/15)

Altars:
The Shining One


Innate Abilities, Weirdness & Mutations

Your flesh is cold resistant. (rC+)
A weak demonic guardian rushes to your aid.


Message History

Casting: Corona
Confirm with . or Enter, or press ? or * to list all spells.
You don't know that spell.
A bat comes into view.
You can't go down here!
The bat barely misses you.
You closely miss the bat. The bat hits you but does no damage.
You hit the bat.
The bat is moderately wounded.
The bat barely misses you. The bat barely misses you.
The bat hits you but does no damage. x2
You hit the bat.
You kill the bat!
No target in view!
Okay, then.
Saving game... please wait.
Welcome back, Gruud the Demonspawn Enchanter.
Press ? for a list of commands and other information.
Are you sure you want to abandon this character and quit the game? (Confirm with "yes".)

.# #.#.##.#.###.....##...##
.# #.#......# ##..........##
)# #.#..#.)## #..###......#
.# #.#..##.#####..# #......#
.####.#..##.#...#..###......#
.........##.#.#............##
#####.##.##.#...#.#.##....##
#.##.##.##.##.#.##.#.##
#...........@.#.##.#.#
####............##...# ##
#######........(..# .#
#.########).# .# #.# #..# .#
#.# #..# .# #.# #..# .#
#.#### #..# .# #....# ###..#


There were no monsters in sight!

Vanquished Creatures
  Jessica (D:2)
  2 adders (D:2)
  A giant gecko (D:1)
  10 bats
  4 giant cockroaches (D:1)
  7 goblins
  3 hobgoblins
  4 giant newts
  4 kobolds
  6 rats
42 creatures vanquished.

Notes
Turn   | Place    | Note
--------------------------------------------------------------
     0 | D:1      | Gruud the Demonspawn Enchanter began the quest for the Orb.
     0 | D:1      | Reached XP level 1. HP: 13/13 MP: 3/3
   119 | D:1      | Reached skill level 1 in Short Blades
   549 | D:1      | Gained mutation: A weak demonic guardian rushes to your aid. [demonic ancestry]
   549 | D:1      | Reached XP level 2. HP: 17/19 MP: 5/5
   708 | D:1      | Learned a level 2 spell: Ensorcelled Hibernation
  1117 | D:2      | Noticed Jessica
  1122 | D:2      | Killed Jessica
  1122 | D:2      | Gained mutation: Your flesh is cold resistant. (rC+) [demonic ancestry]
  1122 | D:2      | Reached XP level 3. HP: 24/24 MP: 6/6
  1218 | D:2      | Found a glowing golden altar of the Shining One.
  1393 | D:2      | Reached XP level 4. HP: 25/30 MP: 7/7
  1804 | D:2      | Quit the game

Vault maps used:
D:1:      dpeg_arrival_leaves_temple_mockup, minmay_tall_x
D:2:      tso_metal_star, uniq_jessica

Skill      XL: |  1  2  3 |
---------------+----------+-----
Short Blades   | 1 2 3 |  3.3
Dodging        | |  1.7
Stealth        | |  2.6
Spellcasting   | |  2.0
Hexes          | |  3.5

Action                   |  1- 3 |  4- 6 || total
-------------------------+-------+-------++-------
Melee: Dagger            |   138 |    19 ||   157
 Cast: Corona            |     3 |       ||     3
  Use: Potion            |     1 |       ||     1
       Scroll            |     6 |     2 ||     8
 Stab: Sleeping          |     2 |     1 ||     3
  Eat: Chunk             |     2 |     1 ||     3
Armor: Robe              |    24 |     3 ||    27
       Leather armour    |    23 |     2 ||    25
Dodge: Dodged            |    77 |    15 ||    92
